details: 'ally unwisely shares control'

« prev index next »

General information

Mini Map

Players

team 1
Random» HumanGS.axE (green | 73 APM | 334 actions | 04:35)
Hero icon 2 Blood Mage
Ability icon 1 Flame Strike
Ability icon 1 Siphon Mana

» actions
Assign group hotkey10
Build / train32
Enter build submenu8
Enter hero's abilities submenu2
Give item / drop item1
Remove unit from queue2
Right click123
Select / deselect72
Select group hotkey72
Use ability12
334 total
» units
Peasant16
Footman6
22 total
» buildings
Altar of Kings1
Barracks1
Farm3
Arcane Vault1
Town Hall1
Scout Tower1
Arcane Tower1
9 total
» build order
00:07 Altar of Kings
00:21 Barracks
00:35 Farm
00:49 Farm
02:21 Farm
02:48 Arcane Vault
03:28 Town Hall
03:29 Scout Tower
03:44 Arcane Tower
» items
Scroll of Regeneration1
Lesser Clarity Potion1
2 total
Orcye0 (blue | 54 APM | 249 actions | 04:38)
Hero icon 1 Blademaster
Ability icon 1 Wind Walk

» actions
Assign group hotkey2
Build / train12
Enter build submenu11
Enter hero's abilities submenu1
Give item / drop item1
Right click135
Select / deselect79
Select group hotkey2
Use ability6
249 total
» units
Peon8
Grunt2
10 total
» buildings
Altar of Storms1
Orc Burrow2
Barracks1
War Mill1
5 total
» build order
00:05 Altar of Storms
00:06 Orc Burrow
00:38 Barracks
01:56 Orc Burrow
03:04 War Mill
HumanHornyPeons (purple | 72 APM | 315 actions | 04:22)
Hero icon 1 Archmage
Ability icon 1 Summon Water Elemental

» actions
Assign group hotkey6
Basic commands18
Build / train40
Enter build submenu12
Enter hero's abilities submenu1
Right click129
Select / deselect54
Select group hotkey42
Use ability13
315 total
» units
Peasant16
Footman6
22 total
» upgrades
Defend1
1 total
» buildings
Farm5
Altar of Kings1
Barracks1
Arcane Vault1
Scout Tower1
Lumber Mill1
Arcane Tower8
18 total
» build order
00:22 Farm
00:30 Altar of Kings
00:36 Farm
00:39 Barracks
01:23 Farm
02:02 Arcane Vault
02:12 Farm
02:15 Farm
02:30 Scout Tower
03:18 Lumber Mill
03:47 Arcane Tower
03:48 Arcane Tower
03:48 Arcane Tower
03:48 Arcane Tower
HumanOnStrike (teal | 6 APM | 29 actions | 04:42)

» actions
Enter build submenu1
Right click3
Select / deselect15
Use ability10
29 total
» buildings
Farm1
1 total
» build order
01:01 Farm
team 2
Random» HumanRon (orange | 35 APM | 164 actions | 04:42)
Hero icon 1 Blood Mage
Ability icon 1 Flame Strike

» actions
Assign group hotkey11
Build / train20
Enter build submenu13
Enter hero's abilities submenu1
Right click43
Select / deselect50
Select group hotkey14
Use ability12
164 total
» units
Peasant11
Rifleman4
15 total
» buildings
Altar of Kings1
Farm5
Blacksmith1
Barracks1
Scout Tower1
Arcane Vault1
Arcane Tower1
Lumber Mill1
Keep1
13 total
» build order
00:08 Altar of Kings
00:29 Farm
00:47 Farm
00:55 Farm
01:40 Blacksmith
01:50 Barracks
02:00 Scout Tower
02:20 Farm
02:27 Arcane Vault
02:48 Arcane Tower
03:20 Lumber Mill
04:19 Farm
04:35 Keep
» items
Scroll of Regeneration1
1 total
Random» NightElfminato95500 (pink | 55 APM | 258 actions | 04:42)
Hero icon 2 Keeper of the Grove
Ability icon 1 Force of Nature
Ability icon 1 Entangling Roots

» actions
Assign group hotkey8
Build / train22
Enter build submenu6
Enter hero's abilities submenu2
Right click103
Select / deselect62
Select group hotkey44
Use ability11
258 total
» units
Wisp14
Archer2
16 total
» upgrades
Reinforced Hides1
Strength of the Wild1
2 total
» buildings
Moon Well2
Altar of Elders1
Tree of Ages1
Ancient of War1
Hunter's Hall1
6 total
» build order
00:21 Moon Well
00:34 Altar of Elders
01:44 Tree of Ages
02:00 Ancient of War
02:24 Hunter's Hall
02:51 Moon Well
HumanKulTiranNavy (red | 24 APM | 112 actions | 04:42)
Hero icon 1 Mountain King
Ability icon 1 Storm Bolt

» actions
Build / train19
Enter build submenu9
Enter hero's abilities submenu1
Right click32
Select / deselect41
Use ability10
112 total
» units
Peasant7
Footman8
15 total
» buildings
Barracks1
Altar of Kings1
Farm3
Lumber Mill1
Arcane Vault1
Blacksmith1
Keep1
9 total
» build order
00:15 Barracks
00:17 Altar of Kings
00:21 Farm
01:14 Farm
01:56 Lumber Mill
02:16 Farm
02:54 Arcane Vault
03:09 Blacksmith
04:39 Keep
» items
Scroll of Regeneration1
1 total
HumanEldris (yellow | 57 APM | 267 actions | 04:42)
Hero icon 1 Mountain King
Ability icon 1 Thunder Clap

» actions
Assign group hotkey18
Build / train22
Enter build submenu11
Enter hero's abilities submenu1
Right click86
Select / deselect68
Select group hotkey43
Use ability18
267 total
» units
Peasant12
Footman5
17 total
» upgrades
Defend1
1 total
» buildings
Altar of Kings1
Barracks1
Farm4
Scout Tower3
Lumber Mill1
Arcane Tower1
Guard Tower1
Town Hall1
13 total
» build order
00:22 Altar of Kings
00:38 Barracks
00:58 Farm
01:15 Farm
01:46 Scout Tower
02:00 Scout Tower
02:18 Lumber Mill
02:22 Arcane Tower
02:32 Farm
03:01 Farm
03:23 Guard Tower
03:27 Scout Tower
04:14 Town Hall

Chat log

(00:15 / Allies) GS.axE: play
(00:29 / Allies) GS.axE: ill play 1vs2

(02:16 / Allies) ye0: ?
(02:26 / Allies) GS.axE: wtf
(02:30 / Allies) GS.axE: dont share to teal
(02:31 / Allies) ye0: wasnt me
(02:40 / Allies) GS.axE: he is just 8 yr old

(04:00 / Allies) ye0: this cost me like 400 gold 400 lumber fucking noob teal
(04:05 / Allies) GS.axE: play np
(04:13 / Allies) ye0: ´green
(04:15 / Allies) GS.axE: ty
(04:21 / Allies) HornyPeons: sorry gtg
(04:27 / Allies) GS.axE: ok its dead
(04:34 / Allies) GS.axE: this kid will fuck us